 Dungeon Crawl Stone Soup version 0.29-a0-997-gf6f7e2dfe7 (webtiles) character file.

Game seed: 6165959467835186177

193 123456 the Digger (level 5, -2/28 HPs)
             Began as a Gargoyle Earth Elementalist on Aug 4, 2022.
             Slain by Sigmund
             ... wielding a +0 scythe
              (6 damage)
             ... on level 3 of the Dungeon.
             The game lasted 00:06:15 (3040 turns).

123456 the Digger (Gargoyle Earth Elementalist)     Turns: 3040, Time: 00:06:16

Health: -2/28      AC:  9    Str: 12    XL:     5   Next: 72%
Magic:  0/9        EV: 12    Int: 15    God:
Gold:   122        SH:  0    Dex: 12    Spells: 6/10 levels left

rFire   . . .      SeeInvis .   c - +0 dagger
rCold   . . .      Faith    .   (no shield)
rNeg    + . .      Spirit   .   a - +0 robe
rPois   ∞          Reflect  .   h - +2 helmet
rElec   +          Harm     .   (no cloak)
rCorr   .          Rampage  .   (no gloves)
Will    .....                   (no boots)
Stlth   ++........              (no amulet)
HPRegen 0.09/turn               (no ring)
MPRegen 0.11/turn               (no ring)

@: no status effects
A: sickness immunity, AC +4, negative energy resistance 1, electricity
resistance, torment resistance 1, petrification resistance
a: no special abilities


You were on level 3 of the Dungeon.
You visited 1 branch of the dungeon, and saw 3 of its levels.

You collected 122 gold pieces.

Inventory:

Hand Weapons
 c - a +0 dagger (weapon)
Armour
 a - a +0 robe (worn)
 h - a +2 helmet (worn)
Jewellery
 o - an amulet of guardian spirit
Scrolls
 d - a scroll of noise
 g - a scroll of enchant weapon {unknown}
 j - a scroll of vulnerability {unknown}
 k - 2 scrolls of immolation
 m - a scroll of acquirement {unknown}
 n - a scroll of blinking {unknown}
Potions
 b - a potion of magic
 e - a potion of resistance {unknown}
 f - a potion of flight {unknown}
 i - a potion of curing {unknown}
 l - 2 potions of heal wounds


   Skills:
 - Level 0.8 Short Blades
 + Level 2.1 Dodging
 + Level 3.1 Stealth
 * Level 3.2 Spellcasting
 - Level 0.7 Transmutations
 * Level 5.6 Earth Magic


You had 6 spell levels left.
You knew the following spells:

 Your Spells              Type           Power      Damage    Failure   Level
a - Sandblast             Erth           38%        2d10      1%          1
b - Stone Arrow           Conj/Erth      20%        3d8       19%         3

Your spell library contained the following spells:

 Spells                   Type           Power      Damage    Failure   Level
 Passwall                 Tmut/Erth      9%         N/A       9%          2
 Wereblood                Tmut           4%         N/A       22%         2
 Petrify                  Tmut/Erth      11%        N/A       47%         4
 Gell's Gravitas          Tloc           2%         N/A       52%         3
 Lesser Beckoning         Tloc           2%         N/A       52%         3
 Teleport Other           Tloc           2%         N/A       52%         3
 Summon Hydra             Summ           1%         N/A       100%        7
 Sublimation of Blood     Necr           Unusable   N/A       N/A         2

Dungeon Overview and Level Annotations

Branches:
Dungeon (3/15)

Altars:
Elyvilon
Kikubaaqudgha
Ru
Zin

Shops:
D:3 =

Annotations:
D:3 Sigmund


Innate Abilities, Weirdness & Mutations

You are immune to sickness and miasma.
Your stone body is resilient. (AC +4)
You are immune to poison.
You resist negative energy. (rN+)
You are resistant to electric shocks. (rElec)
You are resistant to unholy torment.
You are immune to petrification.


Message History

You hit Sigmund.
Sigmund is moderately wounded.
Sigmund barely misses you.
You hit Sigmund.
Sigmund is heavily wounded.
Sigmund barely misses you.
You hit Sigmund.
Sigmund is heavily wounded.
You hit Sigmund.
Sigmund is heavily wounded.
Sigmund gestures at you while chanting. The magic dart hits you.
You hit Sigmund.
Sigmund is heavily wounded.
Sigmund laughs darkly.
Sigmund closely misses you.
You barely miss Sigmund.
Sigmund is heavily wounded.
You hit Sigmund.
Sigmund is severely wounded.
Sigmund gestures wildly while chanting.
Sigmund flickers and vanishes!
Deactivating autopickup; reactivate with Ctrl-A.
Aiming: Sandblast (safe; 1% risk of failure)
Press: ? - help, Q - select action Shift-Dir - straight line The blast of sand hits something but does no damage.
You hear some strange, mumbled words.
A puff of flame appears from out of thin air!
The puff of flame hits you. Something hits you.
Your magical contamination has completely faded away.
You hit something but do no damage. Something hits you.
You barely miss something. You hit something.
You hear some strange, mumbled words.
A puff of flame appears from out of thin air!
The puff of flame hits you.
You hit something but do no damage. Something hits you.
* * * LOW HITPOINT WARNING * * *
Something hits you.
You die...

# #...# ###..#.#.#.....#######
######...#.?##...................
.....'._.#..##.####.#......######
######...#?.##..###.#......#
..)..#...# ###.............#
.....##### ###........[....#
...).## ###.......))......#
..)..'####.#...............#
.....#........{.@..........###
######.......................#
##''.......#.#.............#
.............#.#.....##......#
......######.###.....##......#
...... #.....######......# ......
..'.....# #.<....# ......
###.....# #....).# ####. #.....#
########


There were no monsters in sight!

Vanquished Creatures
  A necrophage (D:3)
  3 gnolls (D:3)
  4 adders
  3 dart slugs
  3 orcs (D:3)
  3 bats
  6 endoplasms
  A giant cockroach (D:2)
  5 goblins
  6 hobgoblins
  4 jackals (D:2)
  5 quokkas
  5 ball pythons
  2 frilled lizards
  2 kobolds
  4 rats
57 creatures vanquished.

Notes
Turn   | Place    | Note
-------+----------+-------------------------------------------
     0 | D:1      | 123456 the Gargoyle Earth Elementalist began the quest for
                  | the Orb.
     0 | D:1      | Reached XP level 1. HP: 10/10 MP: 3/3
   227 | D:1      | Reached skill level 4 in Earth Magic
   305 | D:1      | Reached XP level 2. HP: 15/15 MP: 3/5
   982 | D:2      | Reached XP level 3. HP: 14/19 MP: 1/6
  1325 | D:2      | Learned a level 3 spell: Stone Arrow
  1329 | D:2      | Found a faded altar of an unknown god.
  1510 | D:2      | Reached XP level 4. HP: 24/24 MP: 2/7
  1932 | D:3      | Noticed a necrophage
  1932 | D:3      | Found Vouso's Jewellery Shoppe.
  1947 | D:3      | Noticed Sigmund
  1949 | D:3      | Reached skill level 5 in Earth Magic
  1974 | D:3      | HP: 1/24 [Sigmund/+0 scythe (4)]
  2261 | D:3      | Found an ancient bone altar of Kikubaaqudgha.
  2261 | D:3      | Found a white marble altar of Elyvilon.
  2458 | D:3      | Reached XP level 5. HP: 14/28 MP: 9/9
  2540 | D:3      | Found a glowing silver altar of Zin.
  2913 | D:3      | Found a sacrificial altar of Ru.
  3040 | D:3      | Slain by Sigmund

Illustrated notes

Levels and vault maps discovered:
D:1:      ncdulo_lavacross, layout_basic, minmay_strange_pillars,
          due_unseen_surprise
D:2:      layout_rooms, hellmonk_ecumenical_altar_blasted
D:3:      layout_basic, nicolae_overflow_hidden_temple, zin_scriptorium,
          gup_sewer_entry_bubbles, serial_shops, nicolae_diamond_shop,
          chequers_serial_rivers_micro_e, uniq_sigmund

Skill      XL: |  1  2  3  4  5 |
---------------+----------------+-----
Earth Magic    | 4 5 |  5.6
Dodging        | 2 |  2.1
Stealth        | 3 |  3.1
Spellcasting   | 3 |  3.2
Short Blades   | |  0.8
Transmutations | |  0.7

Action                   |  1- 3 |  4- 6 || total
-------------------------+-------+-------++-------
Melee: Dagger            |    18 |    30 ||    48
 Cast: Sandblast         |    44 |    31 ||    75
       Stone Arrow       |       |     3 ||     3
  Use: Scroll            |       |     3 ||     3
       Potion            |       |     1 ||     1
Armor: Robe              |    32 |    25 ||    57
Dodge: Dodged            |    55 |    40 ||    95

Table legend: (Time is in decaauts)
 A = Elapsed time spent in this place.
 B = Non-inter-level travel time spent in this place.
 C = Inter-level travel time spent in this place.
 D = Time resting spent in this place.
 E = Time spent auto-exploring this place.
 F = Levels seen in this place.
 G = Mean time per level.
                   A        B        C        D        E       F      G
               +--------+--------+--------+--------+--------+-----+--------+
         Total |   3113 |   2990 |    123 |    501 |   1944 |   3 | 1037.7 |
       Dungeon |   3113 |   2990 |    123 |    501 |   1944 |   3 | 1037.7 |
               +--------+--------+--------+--------+--------+-----+--------+

Top non-repeatable levels by time:
     D:2: 1267 daAuts
     D:1: 995 daAuts
     D:3: 850 daAuts
